[Event "ICC tourney 1954 (60 10)"]
[Site "Internet Chess Club"]
[Date "2020.08.08"]
[Round "4"]
[White "palashg"]
[Black "Rockstaryoyo901"]
[Result "0-1"]
[ICCResult "White resigns"]
[WhiteElo "1063"]
[BlackElo "856"]
[Opening "French: exchange variation"]
[ECO "C01"]
[NIC "FR.01"]
[Time "12:03:09"]
[TimeControl "3600+10"]

1. e4 e6 2. d4 d5 3. exd5 exd5 4. Nf3 Nf6 5. Bg5 Be7 6. Nc3 Nc6 7. Bb5 Bd7
8. O-O O-O 9. Qd2 a6 10. Ba4 b5 11. Bb3 Be6 12. Rfe1 Na5 13. Ne5 Nxb3 14.
axb3 Nd7 15. Bxe7 Qxe7 16. Nxd7 Qxd7 17. Qg5 Rfc8 18. Ne2 c5 19. dxc5 Rxc5
20. c3 Qb7 21. Nd4 Qa7 22. Nxe6 fxe6 23. Rxe6 d4 24. Qg3 dxc3 25. bxc3 Rf8
26. Rae1 Rxc3 27. R6e3 Rc2 28. R3e2 Rxe2 29. Rxe2 Qd4 30. Qe3 Qb4 31. h3 a5
32. Qe6+ Kh8 33. Qe7 Qxe7 34. Rxe7 Ra8 35. Rb7 a4 36. bxa4 bxa4 37. Rb1 a3
38. Ra1 a2 39. Kh2 g6 40. Kg3 Kg7 41. f3 Kf6 42. Kf4 h6 43. Ke3 Ke5 44. Kd3
Kf4 45. Ke2 Ke5 46. g3 g5 47. Kf2 Kd4 48. Ke1 Kc3 49. Kd1 Kb2 50. Rc1 a1=Q
{White resigns}
0-1

[Event "ICC tourney 1954 (60 10)"]
[Site "Internet Chess Club"]
[Date "2020.08.08"]
[Round "4"]
[White "viratfan"]
[Black "ChessG2011"]
[Result "1-0"]
[ICCResult "Black checkmated"]
[WhiteElo "367"]
[BlackElo "1000"]
[Opening "Evans gambit: compromised defense"]
[ECO "C52"]
[NIC "IG.05"]
[Time "12:02:50"]
[TimeControl "3600+10"]

1. e4 e5 2. Nf3 Nc6 3. Bc4 Bc5 4. b4 Bxb4 5. c3 Ba5 6. d4 exd4 7. O-O dxc3
8. Qb3 Qe7 9. Nxc3 Bxc3 10. Qxc3 Nf6 11. Re1 O-O 12. e5 Ne8 13. Bb2 Qb4 14.
Qxb4 Nxb4 15. Rec1 b6 16. Ba3 c5 17. Rab1 Nc6 18. Bb2 Nc7 19. Bd3 Bb7 20.
Ng5 h6 21. Nf3 Nb4 22. Bc4 Bd5 23. Bxd5 Nbxd5 24. a4 Na6 25. Ra1 Nab4 26. a5
Rfd8 27. axb6 axb6 28. Rxa8 Rxa8 29. Ra1 Rxa1+ 30. Bxa1 Kf8 31. Kf1 g6 32.
Ke2 Ke7 33. Bb2 d6 34. h4 h5 35. g3 dxe5 36. Bxe5 Nc6 37. Bb2 b5 38. Kd3 c4+
39. Ke4 Ncb4 40. Nd4 f5+ 41. Ke5 Nc7 42. Ba3 Na6 43. Nc2 Kd7 44. Nxb4 Nc5
45. Kf6 Ne4+ 46. Kxg6 Nxf2 47. Kxf5 Nh1 48. g4 Ng3+ 49. Kg5 hxg4 50. Kxg4
Ne4 51. h5 Nf6+ 52. Kg5 Nxh5 53. Kxh5 Kd6 54. Nc2+ Kd5 55. Bb4 Ke4 56. Na3
Kd3 57. Nxb5 Kc2 58. Kg4 Kb3 59. Be1 Ka4 60. Nd4 Ka3 61. Bc3 Ka2 62. Kf4 Kb1
63. Ke3 Kc1 64. Ke4 Kd1 65. Kd5 Kc1 66. Kxc4 Kd1 67. Bb4 Kc1 68. Kc3 Kd1 69.
Kd3 Kc1 70. Ke2 Kb2 71. Kd1 Kb1 72. Nf3 Kb2 73. Nd2 Ka2 74. Kc2 Ka1 75. Nb3+
Ka2 76. Nc1+ Ka1 77. Bc3# {Black checkmated} 1-0

[Event "ICC tourney 1954 (60 10)"]
[Site "Internet Chess Club"]
[Date "2020.08.08"]
[Round "4"]
[White "wulovechess"]
[Black "Jesserocks135"]
[Result "1-0"]
[ICCResult "Black checkmated"]
[WhiteElo "1053"]
[BlackElo "1170"]
[Opening "Sicilian: accelerated fianchetto, modern variation with Bc4"]
[ECO "B35"]
[NIC "SI.33"]
[Time "12:02:58"]
[TimeControl "3600+10"]

1. e4 c5 2. Nf3 Nc6 3. d4 cxd4 4. Nxd4 g6 5. Nc3 Bg7 6. Be3 Nf6 7. Bc4 Qa5
8. O-O Qb4 9. Qe2 O-O 10. Ncb5 Nxd4 11. Bxd4 Nxe4 12. c3 Qa4 13. b3 Qa5 14.
Qxe4 a6 15. Bxg7 Kxg7 16. Nd4 d5 17. Qxd5 Qxd5 18. Bxd5 e6 19. Bf3 e5 20.
Nc2 Bf5 21. Nb4 Rab8 22. Nd5 e4 23. Be2 Rfe8 24. g4 Be6 25. Nc7 Re7 26.
Nxe6+ Rxe6 27. Bc4 Re5 28. Rfe1 b5 29. Be2 Rc8 30. c4 bxc4 31. Bxc4 Rc6 32.
f4 Re7 33. g5 f5 34. a4 h6 35. h4 a5 36. Rad1 Rc8 37. Bb5 hxg5 38. hxg5 Rc3
39. Rd3 Rcc7 40. Rd5 Rc3 41. Rd3 Rcc7 42. Rd5 Rc3 43. Bc4 Rf3 44. Kg2 Rxf4
45. Rxa5 Rg4+ 46. Kf2 Rxg5 47. Rd5 e3+ 48. Rxe3 Rxe3 49. Kxe3 Rg4 50. a5
Re4+ 51. Kd3 Re7 52. a6 f4 53. Ra5 Ra7 54. Ke4 g5 55. Kf3 Kg6 56. Bd3+ Kh5
57. Bf5 Kh6 58. Kg4 Kg7 59. Be4 Kh6 60. Kf5 Kh5 61. Bf3+ Kh4 62. b4 Kg3 63.
Be4 f3 64. Bxf3 Kxf3 65. b5 g4 66. b6 Rh7 67. Ra3+ Kf2 68. b7 g3 69. b8=Q g2
70. Qb2+ Kg1 71. Rg3 Rf7+ 72. Kg4 Rf2 73. Qxf2+ Kxf2 74. Rxg2+ Kxg2 75. a7
Kg1 76. a8=R Kg2 77. Ra2+ Kf1 78. Kf3 Ke1 79. Ke3 Kd1 80. Kd3 Kc1 81. Kc3
Kb1 82. Rh2 Ka1 83. Kb3 Kb1 84. Rh1# {Black checkmated} 1-0

[Event "ICC tourney 1954 (60 10)"]
[Site "Internet Chess Club"]
[Date "2020.08.08"]
[Round "4"]
[White "pillaivar"]
[Black "oxdidi"]
[Result "1-0"]
[ICCResult "Black resigns"]
[WhiteElo "1280"]
[BlackElo "1324"]
[Opening "Giuoco Piano"]
[ECO "C54"]
[NIC "IG.02"]
[Time "12:02:50"]
[TimeControl "3600+10"]

1. e4 e5 2. Nf3 Nc6 3. Bc4 Bc5 4. c3 Nf6 5. d3 h6 6. Be3 Bxe3 7. fxe3 d6 8.
Nbd2 Na5 9. Bb3 Nxb3 10. Qxb3 O-O 11. d4 Re8 12. O-O exd4 13. exd4 Nxe4 14.
Nxe4 Rxe4 15. Rae1 Re8 16. Rxe8+ Qxe8 17. Re1 Qc6 18. d5 Qc5+ 19. Kh1 b6 20.
Re8+ Kh7 21. c4 Bb7 22. Qd3+ g6 23. Ng5+ Kg7 24. Qc3+ f6 25. Ne6+ Kf7 26.
Nxc5 Rxe8 27. Nxb7 Kg7 28. h3 Rb8 29. Nxd6 cxd6 30. Qg3 Rd8 31. h4 h5 32.
Qf3 Re8 33. Kh2 Kf7 34. Kh3 f5 35. b3 Kf6 36. Qg3 Kg7 37. Qxd6 Re3+ 38. Kh2
Kh6 39. Qf4+ {Black resigns} 1-0

[Event "ICC tourney 1954 (60 10)"]
[Site "Internet Chess Club"]
[Date "2020.08.08"]
[Round "4"]
[White "Aahilvalliani"]
[Black "Harper0717"]
[Result "1-0"]
[ICCResult "Black checkmated"]
[WhiteElo "816"]
[BlackElo "1175"]
[Opening "QGD Slav: 4.Nc3"]
[ECO "D15"]
[NIC "SL.03"]
[Time "12:02:58"]
[TimeControl "3600+10"]

1. d4 d5 2. c4 c6 3. Nc3 Nf6 4. Nf3 Bf5 5. Bf4 Nbd7 6. e3 Ne4 7. Nxe4 Bxe4
8. Bd3 Bxd3 9. Qxd3 e6 10. O-O g6 11. Rfe1 Bg7 12. e4 Nb6 13. c5 Nc4 14. b3
Na5 15. b4 Nc4 16. Nd2 Nxd2 17. Qxd2 O-O 18. f3 dxe4 19. fxe4 Qxd4+ 20. Qxd4
Bxd4+ 21. Be3 Bxa1 22. Rxa1 Rad8 23. Rf1 Rd7 24. Bg5 Kg7 25. Bf6+ Kg8 26.
Bg5 f6 27. Bxf6 Rdf7 28. e5 h6 29. Rf3 Kh7 30. h4 g5 31. Rh3 gxh4 32. Rxh4
Rg8 33. Kh2 Rg6 34. Rf4 Rd7 35. Rf2 Rd4 36. a3 Rd3 37. Ra2 Rgg3 38. a4 Ra3
39. Rf2 Rgb3 40. Bh4 Rxb4 41. Rf7+ Kg6 42. Rf6+ Kg7 43. Bg3 Raxa4 44. Rxe6
Ra2 45. Rd6 Re2 46. e6 Rbe4 47. Rd7+ Kf6 48. Rxb7 Kxe6 49. Rxa7 Kd5 50. Ra5
Rc2 51. Ra1 Rxc5 52. Rd1+ Ke6 53. Rd6+ Kf5 54. Rxh6 Rc1 55. Rh5+ Kg6 56. Rh8
Re6 57. Rh4 Kg7 58. Rg4+ Rg6 59. Re4 Kf7 60. Rf4+ Rf6 61. Rh4 Rc3 62. Be5
Rc2 63. Bxf6 Kxf6 64. Kh3 c5 65. g3 Kg5 66. Rg4+ Kf5 67. Rf4+ Ke5 68. Rf1 c4
69. g4 Rd2 70. g5 Rd7 71. Rc1 Rc7 72. Kh4 c3 73. g6 c2 74. Kh5 Kf6 75. Kh6
Ke5 76. g7 Rxg7 77. Kxg7 Kd4 78. Rxc2 Kd3 79. Rc6 Ke4 80. Kf6 Kd5 81. Rc2
Kd4 82. Kf5 Kd3 83. Rf2 Ke3 84. Rf4 Kd3 85. Ke5 Ke3 86. Re4+ Kd3 87. Kd5 Kc3
88. Rd4 Kc2 89. Kc4 Kb2 90. Rd3 Kc2 91. Kd4 Kb2 92. Rc3 Ka2 93. Kc4 Kb2 94.
Kb4 Ka2 95. Rc2+ Kb1 96. Kb3 Ka1 97. Rc1# {Black checkmated} 1-0

[Event "ICC tourney 1954 (60 10)"]
[Site "Internet Chess Club"]
[Date "2020.08.08"]
[Round "4"]
[White "Justin2009"]
[Black "Zohranvalliani"]
[Result "1-0"]
[ICCResult "Black checkmated"]
[WhiteElo "1272"]
[BlackElo "961"]
[Opening "King's pawn game"]
[ECO "C50"]
[NIC "IG.03"]
[Time "12:02:47"]
[TimeControl "3600+10"]

1. e4 e5 2. Nf3 Nc6 3. Bc4 h6 4. d3 Nf6 5. Nc3 Bc5 6. a3 O-O 7. b4 Bb6 8. b5
Nd4 9. Nxe5 d6 10. Nxf7 Rxf7 11. Bxf7+ Kxf7 12. Be3 a6 13. bxa6 bxa6 14. Ne2
Nxe2 15. Qxe2 d5 16. Bxb6 cxb6 17. O-O Bb7 18. e5 Ne8 19. e6+ Kg8 20. Rfe1
Qg5 21. f3 Bc6 22. e7 Bd7 23. c4 d4 24. Qe4 Bh3 25. f4 Qxg2+ 26. Qxg2 Bxg2
27. Kxg2 Kf7 28. Re4 Ra7 29. Rxd4 Rxe7 30. Re4 Rd7 31. Rb1 Nd6 32. Rd4 Ke7
33. Rxb6 a5 34. Rdxd6 Rxd6 35. Rxd6 Kxd6 36. Kf3 Ke6 37. Ke4 g5 38. fxg5
hxg5 39. c5 Kd7 40. Kf5 Kc6 41. Kxg5 Kxc5 42. h4 Kd6 43. h5 Ke7 44. Kg6 Kf8
45. d4 Kg8 46. d5 Kf8 47. d6 Ke8 48. h6 Kd7 49. h7 Kxd6 50. h8=Q Kd5 51.
Qd8+ Ke4 52. Qxa5 Ke3 53. Qe5+ Kd3 54. a4 Kc2 55. a5 Kd2 56. a6 Kc2 57. a7
Kd2 58. a8=Q Kc2 59. Qc5+ Kd2 60. Qad5+ Ke2 61. Qe7+ Kf2 62. Qf5+ Kg2 63.
Qeg5+ Kh2 64. Qf2+ Kh3 65. Qgg3# {Black checkmated} 1-0

[Event "ICC tourney 1954 (60 10)"]
[Site "Internet Chess Club"]
[Date "2020.08.08"]
[Round "4"]
[White "dtoledo"]
[Black "BenPaquet"]
[Result "1-0"]
[ICCResult "Black resigns"]
[WhiteElo "1140"]
[BlackElo "859"]
[Opening "QGD: 6.Nf3"]
[ECO "D55"]
[NIC "QO.13"]
[Time "12:02:34"]
[TimeControl "3600+10"]

1. d4 d5 2. c4 e6 3. Nc3 Nf6 4. Bg5 Be7 5. Nf3 O-O 6. e3 Nc6 7. cxd5 exd5 8.
Bd3 Bg4 9. O-O Nb4 10. Be2 Ne4 11. Bxe7 Qxe7 12. a3 Nxc3 13. bxc3 Nc6 14.
Qb3 Qd6 15. Qxb7 Nxd4 16. Nxd4 Bxe2 17. Nxe2 Rfb8 18. Qxa8 Rxa8 19. Rfd1 g6
20. c4 c6 21. cxd5 cxd5 22. Nf4 Rd8 23. Nxd5 Qc5 24. Nf6+ Kg7 25. Rxd8 Kxf6
26. Rdd1 Qc2 27. g3 Qc6 28. a4 a5 29. Rd4 Qc3 30. Rad1 Qb3 31. R1d3 Qc2 32.
Kg2 Kg7 33. h4 h5 34. Rd2 Qc6+ 35. f3 Kh6 36. Kf2 f5 37. Ke2 Qc7 38. f4 Qc6
39. Kf2 Qh1 40. Rd5 Qh2+ 41. Kf3 Qh1+ 42. Rg2 Qd1+ 43. Rxd1 {Black resigns}
1-0

[Event "ICC tourney 1954 (60 10)"]
[Site "Internet Chess Club"]
[Date "2020.08.08"]
[Round "4"]
[White "RONAKSHERGIL"]
[Black "weheinrich"]
[Result "1-0"]
[ICCResult "Black checkmated"]
[WhiteElo "987"]
[BlackElo "968"]
[Opening "QGA: 3.e4"]
[ECO "D20"]
[NIC "QG.04"]
[Time "12:04:17"]
[TimeControl "3600+10"]

1. d4 d5 2. c4 dxc4 3. e4 e5 4. Nf3 exd4 5. Nxd4 c5 6. Nf3 Qxd1+ 7. Kxd1 Nc6
8. Bxc4 Nf6 9. Re1 Ng4 10. Be3 Nxe3+ 11. Rxe3 Be7 12. Nc3 O-O 13. Rd3 Bf6
14. Nd5 Bxb2 15. Rb1 Bd4 16. Nxd4 Nxd4 17. Nc7 Rb8 18. Na6 Ra8 19. Nxc5 Ne6
20. Nxe6 fxe6 21. Rf3 Rxf3 22. gxf3 Kf8 23. Ke2 b6 24. Ke3 Bb7 25. Bxe6 Re8
26. Bc4 Rc8 27. Bd5 Ba6 28. Kf4 h6 29. Bb3 Rc6 30. Ba4 Rf6+ 31. Kg3 Rg6+ 32.
Kf4 Rg2 33. Bb5 Bb7 34. Rb2 Rxh2 35. a4 g5+ 36. Kg3 Rh1 37. Be2 Bc8 38. a5
bxa5 39. Rb8 Rc1 40. Ba6 a4 41. Rxc8+ Rxc8 42. Bxc8 a3 43. Be6 Ke7 44. Ba2
Kf6 45. Kg4 Kg6 46. f4 h5+ 47. Kg3 gxf4+ 48. Kxf4 h4 49. Kg4 Kf6 50. Kxh4
Ke5 51. f3 a6 52. Kg5 a5 53. f4+ Kxe4 54. f5 Kd4 55. f6 Kc3 56. f7 Kb2 57.
Bd5 a2 58. Bxa2 Kxa2 59. f8=Q a4 60. Qb4 a3 61. Kf4 Ka1 62. Qxa3+ Kb1 63.
Qc3 Ka2 64. Qb4 Ka1 65. Ke3 Ka2 66. Kd2 Ka1 67. Kc2 Ka2 68. Qb2#
{Black checkmated}
1-0

[Event "ICC tourney 1954 (60 10)"]
[Site "Internet Chess Club"]
[Date "2020.08.08"]
[Round "4"]
[White "catseyenebula"]
[Black "nonowho"]
[Result "1-0"]
[ICCResult "Black resigns"]
[WhiteElo "1240"]
[BlackElo "1295"]
[Opening "Réti opening"]
[ECO "A11"]
[NIC "QP.09"]
[Time "12:02:13"]
[TimeControl "3600+10"]

1. Nf3 d5 2. c4 c6 3. e3 Nf6 4. Nc3 Bg4 5. Qb3 b6 6. Ne5 e6 7. Qa4 Qd6 8.
Nxg4 Nxg4 9. cxd5 Nf6 10. dxc6 Be7 11. Nb5 Qe5 12. d4 {Black resigns} 1-0

[Event "ICC tourney 1954 (60 10)"]
[Site "Internet Chess Club"]
[Date "2020.08.08"]
[Round "4"]
[White "stephenwilly"]
[Black "shawnchicken"]
[Result "1-0"]
[ICCResult "Black resigns"]
[WhiteElo "1143"]
[BlackElo "1233"]
[Opening "Giuoco Pianissimo: Canal variation"]
[ECO "C50"]
[NIC "IG.02"]
[Time "12:02:58"]
[TimeControl "3600+10"]

1. e4 e5 2. Nf3 Nc6 3. Bc4 Bc5 4. Nc3 Nf6 5. d3 d6 6. Bg5 h6 7. Bh4 Bg4 8.
h3 Bh5 9. g4 Bg6 10. Nd5 Na5 11. Bb3 c6 12. Nxf6+ gxf6 13. Nd2 d5 14. exd5
cxd5 15. Ba4+ Nc6 16. Nb3 Be7 17. d4 f5 18. Bg3 f4 19. Bh2 Bh4 20. dxe5 Be4
21. Rg1 Bxf2+ 22. Kxf2 Qh4+ 23. Ke2 Qxh3 24. Kd2 Qxh2+ 25. Kc1 Rc8 26. Nc5
Bf3 27. Qe1 Ke7 28. Nxb7 Rc7 29. Nd6 Nd4 30. Nf5+ Nxf5 31. gxf5 Be4 32. Qb4+
Kd8 33. Qb8+ Ke7 34. Qxc7+ {Black resigns} 1-0

[Event "ICC tourney 1954 (60 10)"]
[Site "Internet Chess Club"]
[Date "2020.08.08"]
[Round "4"]
[White "agrimjax1"]
[Black "SukrutN"]
[Result "1/2-1/2"]
[ICCResult "Game drawn because neither player has mating material"]
[WhiteElo "1248"]
[BlackElo "1150"]
[Opening "Giuoco Pianissimo"]
[ECO "C50"]
[NIC "IG.02"]
[Time "12:02:50"]
[TimeControl "3600+10"]

1. e4 e5 2. Nf3 Nc6 3. Bc4 Bc5 4. d3 d6 5. h3 Nf6 6. Nc3 Na5 7. Bb3 Nxb3 8.
axb3 O-O 9. Bg5 Be6 10. O-O h6 11. Be3 Bxe3 12. fxe3 Re8 13. Qd2 c5 14. Rfe1
a6 15. Rad1 b5 16. Qf2 Qb6 17. Ne2 a5 18. Ng3 a4 19. bxa4 Rxa4 20. Ra1 Rea8
21. Rab1 Ba2 22. Rbc1 Be6 23. Rb1 b4 24. Nf5 Bd7 25. Ne7+ Kf8 26. Nd5 Nxd5
27. exd5 Qb7 28. e4 Ra2 29. Rf1 f6 30. Nd2 Ba4 31. Nc4 Qb8 32. b3 Bb5 33.
Rbc1 Kf7 34. Qf5 R8a6 35. Rf3 Ra1 36. Rxa1 Rxa1+ 37. Kh2 Bxc4 38. dxc4 Ra2
39. Rg3 Kg8 40. Qxf6 Qf8 41. Qe6+ Kh7 42. Qg6+ Kg8 43. Qxh6 Rxc2 44. Qe6+
Kh7 45. Rg4 Qf6 46. Rg3 Rc3 47. Qg4 Kh6 48. Rf3 Qg5 49. Qxg5+ Kxg5 50. Rf5+
Kg6 51. Rf3 Kg5 52. Rf5+ Kh4 53. Rf3 Kg5 54. Kg3 g6 55. h4+ Kh5 56. Kh3 Kh6
57. Kg4 Rc2 58. g3 Kg7 59. Kg5 Rc3 60. Kg4 Rc1 61. h5 gxh5+ 62. Kxh5 Rc3 63.
Kg4 Rc1 64. Rf2 Rc3 65. Ra2 Rxb3 66. Ra7+ Kf6 67. Rd7 Re3 68. Rxd6+ Ke7 69.
Re6+ Kd7 70. Rxe5 Rc3 71. Rh5 Rxc4 72. Rh7+ Kd6 73. Rh6+ Ke5 74. Re6+ Kd4
75. d6 Ke3 76. Re5 b3 77. d7 Rd4 78. Rd5 b2 79. d8=Q b1=Q 80. Qg5+ Ke2 81.
Rxd4 cxd4 82. e5 Qe4+ 83. Qf4 Qg6+ 84. Kh3 Qe6+ 85. Qg4+ Qxg4+ 86. Kxg4 d3
87. e6 d2 88. e7 d1=Q 89. e8=Q+ Kf2+ 90. Kh3 Qh1+ 91. Kg4 Qf3+ 92. Kg5 Qxg3+
93. Kf6 Qf3+ 94. Ke7 Qe3+ 95. Kf7 Qf3+ 96. Ke7 Qe3+ 97. Kf7 Qf3+ 98. Ke7
Qa3+ 99. Kf7 Qf3+ 100. Ke7 Qe4+ 101. Kf7 Qf3+ 102. Ke7 Qa3+ 103. Kf7 Qf3+
104. Ke7 Qe3+ 105. Kf7 Qb3+ 106. Ke7 Qe3+ 107. Kf7 Qf3+ 108. Ke7 Qa3+ 109.
Kf7 Qf3+ 110. Ke7 Qe3+ 111. Kf7 Qf3+ 112. Ke7 Qe4+ 113. Kf8 Qf4+ 114. Qf7
Qxf7+ 115. Kxf7 {Game drawn because neither player has mating material}
1/2-1/2

[Event "ICC tourney 1954 (60 10)"]
[Site "Internet Chess Club"]
[Date "2020.08.08"]
[Round "4"]
[White "stanwang"]
[Black "temporarydanger"]
[Result "0-1"]
[ICCResult "White checkmated"]
[WhiteElo "1315"]
[BlackElo "1212"]
[Opening "Scotch gambit"]
[ECO "C44"]
[NIC "SO.06"]
[Time "12:02:58"]
[TimeControl "3600+10"]

1. e4 e5 2. Nf3 Nc6 3. d4 exd4 4. Bc4 Bc5 5. c3 Qf6 6. Bg5 Qg6 7. O-O d6 8.
cxd4 Nxd4 9. Be3 Bg4 10. Bxd4 Bxd4 11. Qa4+ Bd7 12. Qb3 Bb6 13. Kh1 Nf6 14.
e5 Ng4 15. Kg1 O-O-O 16. Bxf7 Qf5 17. exd6 Rdf8 18. Bd5 Ne5 19. Nbd2 h5 20.
dxc7 g5 21. Be4 Nxf3+ 22. Qxf3 Qa5 23. Bxb7+ Kxc7 24. Qd5 Rf5 25. Qxa5 Bxa5
26. Nc4 Kxb7 27. Nxa5+ Rxa5 28. Rfe1 Re8 29. Red1 Kc6 30. Rac1+ Rc5 31.
Rxc5+ Kxc5 32. f3 Bb5 33. Rc1+ Kb6 34. Kf2 Rd8 35. Rc2 Rd3 36. g3 Bc6 37. f4
gxf4 38. Ke2 Re3+ 39. Kd2 Rf3 40. Ke2 fxg3 41. Rxc6+ Kxc6 42. Kxf3 gxh2 43.
Kg2 Kd5 44. Kxh2 Kd4 45. Kh3 Kd3 46. Kh4 Kc2 47. b4 a6 48. Kxh5 Kc3 49. a3
Kb3 50. Kg4 Kxa3 51. Kf3 Kxb4 52. Ke3 Kb3 53. Kd2 Kb2 54. Kd3 a5 55. Kc4 a4
56. Kb4 a3 57. Kc4 a2 58. Kd4 a1=Q 59. Ke4 Qa4+ 60. Kd5 Qa5+ 61. Kd4 Qc3+
62. Ke4 Kc2 63. Kd5 Qb4 64. Ke5 Qc4 65. Kf5 Qd4 66. Kg5 Qe4 67. Kf6 Qd5 68.
Ke7 Qc6 69. Kf7 Qd6 70. Kg7 Qe6 71. Kh7 Qf6 72. Kg8 Kd3 73. Kh7 Ke4 74. Kg8
Ke5 75. Kh7 Ke6 76. Kg8 Qf7+ 77. Kh8 Qh5+ 78. Kg7 Qf7+ 79. Kh8 Qf1 80. Kg7
Qf2 81. Kg6 Qf6+ 82. Kh7 Qg5 83. Kh8 Kf7 84. Kh7 Qg7# {White checkmated} 0-1

[Event "ICC tourney 1954 (60 10)"]
[Site "Internet Chess Club"]
[Date "2020.08.08"]
[Round "4"]
[White "yayadream"]
[Black "Anichess2009"]
[Result "1-0"]
[ICCResult "Black resigns"]
[WhiteElo "1327"]
[BlackElo "474"]
[Opening "King's pawn opening"]
[ECO "B07"]
[NIC "VO.17"]
[Time "12:33:58"]
[TimeControl "3600+10"]

1. e4 d6 2. Nf3 Nf6 3. Nc3 g6 4. Bc4 Bg7 5. Ng5 e6 6. O-O O-O 7. d4 d5 8.
Bd3 dxe4 9. Ngxe4 Nxe4 10. Nxe4 Nc6 11. Bg5 Qxd4 12. c3 Qd5 13. Nf6+ Bxf6
14. Bxf6 Ne5 15. Qd2 Ng4 16. Bh4 Qh5 17. Bg3 Rd8 18. Qe2 Rd5 19. Be4 Rg5 20.
b4 Qh6 21. Bf4 Qh4 22. h3 Rh5 23. Qxg4 {Black resigns} 1-0

[Event "ICC tourney 1954 (60 10)"]
[Site "Internet Chess Club"]
[Date "2020.08.08"]
[Round "4"]
[White "johnique"]
[Black "Locolobomofo"]
[Result "0-1"]
[ICCResult "White resigns"]
[WhiteElo "1361"]
[BlackElo "350"]
[Opening "QGD: Marshall defense"]
[ECO "D06"]
[NIC "QP.08"]
[Time "12:02:21"]
[TimeControl "3600+10"]

1. d4 d5 2. c4 Nf6 3. cxd5 Nxd5 4. e4 Nf6 5. Nc3 c6 6. h3 g6 7. Nf3 Bg7 8.
Be3 O-O 9. Bd3 Nbd7 10. O-O Nh5 11. Be2 b6 12. Nh2 e5 13. Bxh5 gxh5 14. dxe5
Nxe5 15. Qxh5 Ng6 16. Rfd1 Qc7 17. Rac1 f5 18. exf5 Rxf5 19. Qe2 Nf4 20.
Qc4+ Kh8 21. Nd5 Nxd5 22. Rxd5 Be6 23. Rcd1 Rxd5 24. Rxd5 Bxd5 {White
resigns} 0-1

[Event "ICC tourney 1954 (60 10)"]
[Site "Internet Chess Club"]
[Date "2020.08.08"]
[Round "4"]
[White "BabyCheeks25"]
[Black "Rhinoguy"]
[Result "0-1"]
[ICCResult "White checkmated"]
[WhiteElo "833"]
[BlackElo "1178"]
[Opening "Queen's pawn game"]
[ECO "D05"]
[NIC "QP.06"]
[Time "12:02:47"]
[TimeControl "3600+10"]

1. d4 Nf6 2. Nf3 d5 3. e3 e6 4. Bd3 c5 5. dxc5 Bxc5 6. Nbd2 Nc6 7. c3 O-O 8.
O-O e5 9. Bc2 e4 10. Nd4 Qc7 11. N2b3 Bd6 12. h3 Nxd4 13. Nxd4 Qe7 14. Bb3
Qe5 15. g3 Bxh3 16. Re1 Nh5 17. Ne2 Qg5 18. Qxd5 Qg4 19. Bd1 Qf3 20. Nf4
Nxf4 21. Bxf3 Nxd5 22. Bxe4 Be6 23. Rd1 Nf6 24. Bd5 Nxd5 25. c4 Nxe3 26.
Rxd6 Nxc4 27. Rd4 Nb6 28. Bd2 Rad8 29. Be3 Rxd4 30. Bxd4 Rd8 31. Bc3 Na4 32.
Be5 f6 33. Bf4 Nxb2 34. Rb1 Rd1+ 35. Rxd1 Nxd1 36. a3 Kf7 37. Kf1 Nc3 38.
Bd2 Nb1 39. Bb4 Bc4+ 40. Ke1 a5 41. Bxa5 Nxa3 42. Bb6 Ke6 43. Kd2 Kd5 44.
Kc3 Nb5+ 45. Kb4 Be2 46. Be3 Kc6 47. Kb3 Nd6 48. Kc3 b5 49. Kb4 Nf5 50. Bc5
Bc4 51. Bf8 g6 52. g4 Nd4 53. Bg7 f5 54. Bxd4 fxg4 55. Be5 Kd5 56. Bf6 Ke4
57. Bh4 h6 58. Bf6 Kf3 59. Bg7 Kxf2 60. Bxh6 g3 61. Bg7 g2 62. Bd4+ Kf1 63.
Bc5 g1=Q 64. Bxg1 Kxg1 65. Kc3 g5 66. Kd4 g4 67. Ke3 b4 68. Kd4 b3 69. Kc3
g3 70. Kb4 b2 71. Kxc4 b1=Q 72. Kc3 Kf2 73. Kd2 g2 74. Kc3 g1=Q 75. Kd2
Qge1# {White checkmated} 0-1

[Event "ICC tourney 1954 (60 10)"]
[Site "Internet Chess Club"]
[Date "2020.08.08"]
[Round "4"]
[White "chessrdu20"]
[Black "djc403"]
[Result "0-1"]
[ICCResult "White checkmated"]
[WhiteElo "1002"]
[BlackElo "1317"]
[Opening "Giuoco Pianissimo: Italian four knights variation"]
[ECO "C50"]
[NIC "IG.02"]
[Time "12:02:32"]
[TimeControl "3600+10"]

1. e4 e5 2. Nf3 Nc6 3. Bc4 Bc5 4. Nc3 Nf6 5. d3 h6 6. Be3 Bxe3 7. fxe3 O-O
8. Qd2 d6 9. h3 Nh5 10. g4 Nf6 11. d4 exd4 12. exd4 Qe7 13. Qe2 Re8 14. Bd3
Nh7 15. O-O-O Nb4 16. a3 Nxd3+ 17. Qxd3 Ng5 18. Rhe1 Nxh3 19. Qf1 Bxg4 20.
Rd2 Bxf3 21. Qxf3 Ng5 22. Qg2 Qd7 23. e5 dxe5 24. dxe5 Qc6 25. Qf2 Nf3 26.
Rf1 Nxe5 27. Kb1 Re7 28. Qe2 Rae8 29. Qd1 Qb6 30. b3 Nc4 31. Rd3 Ne3 32.
Rxe3 Qxe3 33. Nd5 Qe1 34. Nxe7+ Qxe7 35. Ka2 Rd8 36. Qf3 f6 37. Qxb7 Qe2 38.
Rc1 Qh2 39. Qxa7 Rd2 40. Kb2 Qe5+ 41. Kb1 f5 42. Qb8+ Kh7 43. Qb4 Rd4 44.
Qc3 Qf4 45. Kb2 Qd6 46. Rg1 f4 47. Ka2 c6 48. Qf3 Qc5 49. Qg2 Rd7 50. Qe4+
Kg8 51. Rg4 Re7 52. Qg6 f3 53. Rf4 f2 54. a4 Qe3 55. Qf5 Re5 56. Qf7+ Kh7
57. Rxf2 Qd4 58. Rg2 Re1 59. Qg6+ Kg8 60. b4 Qa1+ 61. Kb3 Re3+ 62. Kc4 Qa2+
63. Kc5 Qd5+ 64. Kb6 Qd4+ 65. Ka5 Qa7# {White checkmated} 0-1

[Event "ICC tourney 1954 (60 10)"]
[Site "Internet Chess Club"]
[Date "2020.08.08"]
[Round "4"]
[White "PranitP2011"]
[Black "nogf-Sadge"]
[Result "0-1"]
[ICCResult "White resigns"]
[WhiteElo "1014"]
[BlackElo "1324"]
[Opening "Sicilian"]
[ECO "B56"]
[NIC "SI.03"]
[Time "12:02:50"]
[TimeControl "3600+10"]

1. e4 c5 2. Nf3 d6 3. d4 cxd4 4. Nxd4 Nf6 5. Nc3 e5 6. Nb3 Nc6 7. Be3 Be7 8.
f3 O-O 9. Be2 Be6 10. O-O d5 11. exd5 Nxd5 12. Nxd5 Qxd5 13. Qxd5 Bxd5 14.
Bc5 Bxc5+ 15. Nxc5 Nd4 16. Bd3 Rfc8 17. Nd7 Nxc2 18. Rac1 Nb4 19. Rxc8+ Rxc8
20. Bf5 Be6 21. Bxe6 fxe6 22. Nxe5 Nxa2 23. Ra1 Rc1+ 24. Rxc1 Nxc1 25. Kf2
Kf8 26. Ke3 Ke7 27. Kd4 Kd6 28. Nf7+ Ke7 29. Ne5 g5 30. Ke4 h5 31. f4 g4 32.
f5 Nb3 33. fxe6 Kxe6 34. Ng6 Nd2+ 35. Kd3 Kf5 36. Nh4+ Kg5 37. g3
{White resigns}
0-1

[Event "ICC tourney 1954 (60 10)"]
[Site "Internet Chess Club"]
[Date "2020.08.08"]
[Round "4"]
[White "MathWizKidA"]
[Black "IsaacCumes"]
[Result "1-0"]
[ICCResult "Black resigns"]
[WhiteElo "1383"]
[BlackElo "991"]
[Opening "QGD: Ragozin variation"]
[ECO "D38"]
[NIC "NI.27"]
[Time "12:02:51"]
[TimeControl "3600+10"]

1. d4 d5 2. c4 e6 3. Nc3 Nf6 4. Nf3 Bb4 5. Bf4 O-O 6. e3 Ne4 7. Qc2 Nd7 8.
Bd3 dxc4 9. Bxe4 Nc5 10. dxc5 f5 11. Bxf5 exf5 12. O-O Bxc5 13. Rfd1 Qe7 14.
Nd5 Qe4 15. Qxe4 fxe4 16. Ng5 h6 17. Nxe4 b6 18. Nxc5 bxc5 19. Ne7+ Kh7 20.
Nxc8 Raxc8 21. Rac1 g5 22. Bg3 Rce8 23. Rxc4 h5 24. h4 Rf5 25. Rd7+ Kg8 26.
Rxc7 gxh4 27. Bxh4 Ree5 28. e4 Rf4 29. Bg3 Rfxe4 30. Bxe5 Rxc4 31. Rxa7 Re4
32. Bc3 Rg4 33. Rg7+ Rxg7 34. Bxg7 Kxg7 35. a4 Kf7 36. a5 Ke7 37. a6 Kd7 38.
a7 Kc7 39. a8=Q {Black resigns} 1-0

[Event "ICC tourney 1954 (60 10)"]
[Site "Internet Chess Club"]
[Date "2020.08.08"]
[Round "4"]
[White "ThanhPoertner"]
[Black "ltristam"]
[Result "0-1"]
[ICCResult "White checkmated"]
[WhiteElo "934"]
[BlackElo "1299"]
[Opening "Sicilian"]
[ECO "B56"]
[NIC "SI.25"]
[Time "12:02:34"]
[TimeControl "3600+10"]

1. e4 c5 2. Nf3 d6 3. d4 cxd4 4. Nxd4 Nf6 5. Nc3 Nc6 6. Be3 Nxd4 7. Bxd4 e5
8. Be3 Be7 9. Qd2 Be6 10. O-O-O O-O 11. f4 Ng4 12. f5 Nxe3 13. Qxe3 Bg5 14.
Qxg5 Qxg5+ 15. Kb1 Bd7 16. h4 Qg4 17. f6 Rac8 18. Be2 Qg6 19. fxg7 Kxg7 20.
h5 Qh6 21. g4 Rxc3 22. bxc3 Qe3 23. Rde1 Qxc3 24. g5 Ba4 25. Rc1 Rc8 26. Bd3
Rc6 27. h6+ Kg8 28. Rcd1 Bxc2+ 29. Bxc2 Qxc2+ 30. Ka1 Qc3+ 31. Kb1 Rb6#
{White checkmated}
0-1